Unix NetHack Version 5.0.0-0 post-release - last build May  4 2026 22:22:43 (774f63e81ad911689b3a0859ea89b322d5daca8d,branch:main).

Game began 2026-05-06 09:35:27, ended 2026-05-06 10:38:34.

182320070181818, lawful female dwarven Valkyrie

                                             ---- --
                                             |..--.|                  --
                                           ---.....|                  .
                                           ........|                 -.
                                            ......                   |.|
                                  -----     .....---                 |.|
                                   ...-------......                  |.|
           |   ----------------------...|..|....-.-              ----|.|
           -..............r@i....*................|               ..||.|
               -----  ---#----------........Z.....|                .||.|
                                  --...>........---               -.|-.|
                             ------..............|                |.|..|
                             |...................---           ---|....--
                             -.....................---       ---.--.....|
                            |.....---................--     --..........--- --
                            --...   --................|     |...........<....--
                             |.--    |...............---------................|
                             --      ----.....|.---..........................--
                                        ---.----- ---------------.|.|....-----
                                          ---                   ----------
182320070181818 the Skirmisher  St:17 Dx:13 Co:16 In:10 Wi:10 Ch:9  Lawful
Dlvl:7  $:106 HP:0(42) Pw:3(3) AC:6  Xp:4 T:2702 

Latest messages:
 The stairs are solidly affixed.
 You descend the stairs.
 You see here a violet gem.
 t - a violet gem.
 You hear a B note squeak in the distance.
 You see here a fortune cookie.
 u - a fortune cookie.
 The homunculus misses!
 The homunculus bites!
 You see here a yellowish brown gem.
 You hear crashing rock.
 You hear crashing rock.
 You hear some noises in the distance.
 You miss the rock mole.
 The homunculus bites!
 You are put to sleep by the homunculus!
 The rock mole bites!
 The homunculus bites!
 The homunculus bites!
 The rock mole bites!
 The homunculus bites!
 The combat suddenly awakens you.
 You miss the homunculus.
 The homunculus bites!
 You miss the homunculus.
 The homunculus bites!
 You are put to sleep by the homunculus!
 The homunculus bites!
 The homunculus bites!
 The combat suddenly awakens you.
 You miss the homunculus.
 The homunculus bites!
 You hit the homunculus!
 The homunculus bites!
 You miss the rock mole.
 The homunculus bites!
 You are put to sleep by the homunculus!
 The homunculus bites!
 The homunculus bites!
 The homunculus bites!
 You wake up.
 You miss the rock mole.
 The homunculus bites!
 The rock mole bites!
 You die...
 Do you want your possessions identified? [ynq] (y) y
 Do you want to see your attributes? [ynq] (y) y
 Do you want an account of creatures vanquished? [ynaq] (y) y
 Do you want to see your conduct and achievements? [ynq] (y) y
 Do you want to see the dungeon overview? [ynq] (y) y

Inventory:
 Coins    ('$')
  $ - 106 gold pieces
 Weapons  (')')
  f - a cursed -2 crossbow
  b - a blessed +0 dagger (alternate weapon; not wielded)
  r - 2 +0 daggers
  a - a +1 dwarvish spear (weapon in left hand)
  i - a +0 orcish dagger
 Armor    ('[')
  s - a cursed +0 orcish helm
  c - an uncursed +3 small shield (being worn)
 Comestibles  ('%')
  d - 3 uncursed food rations
  u - an uncursed fortune cookie
  e - 2 uncursed lichen corpses
 Scrolls  ('?')
  h - an uncursed scroll of destroy armor
  l - an uncursed scroll of identify
  k - a cursed scroll of identify
  j - an uncursed scroll of light
 Gems/Stones  ('*')
  o - an uncursed jet stone
  p - 3 uncursed worthless pieces of green glass
  t - an uncursed worthless piece of violet glass
  m - an uncursed worthless piece of yellow glass

182320070181818 the Valkyrie's attributes:

Background:
 You were a Skirmisher, a level 4 dwarven Valkyrie.
 You were lawful, nominally on a mission for Tyr
 who was opposed by Odin (neutral) and Loki (chaotic).
 You were left-handed.
 You were in the Gnomish Mines, on level 7.
 You entered the dungeon 2702 turns ago.
 You had 159 experience points, 1 more was needed to attain level 5.

Basics:
 You had 0 out of 42 hit points.
 You had all 3 energy points (spell power).
 Your armor class was 6.
 Your wallet contained 106 zorkmids.
 Autopickup was off.

Final Characteristics:
 Your strength was 17 (limit:18/100).
 Your dexterity was 13 (limit:20).
 Your constitution was 16 (limit:20).
 Your intelligence was 10 (limit:16).
 Your wisdom was 10 (limit:16).
 Your charisma was 9 (limit:16).

Final Status:
 You weren't hungry.
 You were unencumbered.
 You were wielding a spear.
 You had basic skill with spear.

Final Attributes:
 You were piously aligned.
 You were cold resistant.
 You had infravision.
 You were stealthy.
 You are dead.

Miscellaneous:
 You didn't encounter any bones levels.
 Total elapsed playing time was 1 hour, 2 minutes and 52 seconds.

Major events:
 Turn
    1: 182320070181818 the lawful dwarven Valkyrie entered the dungeon
  773: attained the rank of Skirmisher (level 3)
 1616: entered the Gnomish Mines
 2702: killed by a rock mole

You didn't know any spells.

Skills:
 Fighting Skills
   bare handed combat [Unskilled]
   two weapon combat  [Unskilled]
   riding             [Unskilled]
 Weapon Skills
   dagger             [Basic]
   axe                [Unskilled]
   pick-axe           [Unskilled]
   short sword        [Unskilled]
   broadsword         [Unskilled]
   long sword         [Unskilled]
   two-handed sword   [Unskilled]
   saber              [Unskilled]
   hammer             [Unskilled]
   quarterstaff       [Unskilled]
   polearms           [Unskilled]
   spear              [Basic]
   trident            [Unskilled]
   lance              [Unskilled]
   sling              [Unskilled]
 Spellcasting Skills
   attack spells      [Unskilled]
   escape spells      [Unskilled]

Voluntary challenges:
 Character rerolling was not enabled.
 You were an atheist.
 You never genocided any monsters.
 You never polymorphed an object.
 You never changed form.
 You used no wishes.
Achievements:
 You entered a shop.
 You attained the rank of Skirmisher.
 You entered the Gnomish Mines.

 The Dungeons of Doom: levels 1 to 4
    Level 1:
    Level 2:
       A general store.
    Level 3:
       A potion shop, a fountain.
    Level 4:
       Some altars, a fountain.
       Stairs down to The Gnomish Mines.
 The Gnomish Mines: levels 5 to 7
    Level 5:
    Level 6:
    Level 7: <- You were here.
       Final resting place for
          you, killed by a rock mole.


Vanquished creatures:
  a straw golem
  2 giant ants
  2 hill orcs
  a centipede
  a giant bat
  4 dwarf zombies
  2 iguanas
 an acid blob
  2 coyotes
  a large kobold
  a cave spider
  3 gnomes
  a gnome zombie
  2 geckos
  a jackal
  2 foxes
  3 kobolds
  a goblin
  2 sewer rats
  2 grid bugs
  3 bats
  2 lichens
  a kobold zombie
  2 newts
43 creatures vanquished.

No species were genocided or became extinct.

Game over:
                       ----------
                      /          \
                     /    REST    \
                    /      IN      \
                   /     PEACE      \
                  /                  \
                  | 182320070181818  |
                  |      106 Au      |
                  | killed by a rock |
                  |       mole       |
                  |                  |
                  |                  |
                  |       2026       |
                 *|     *  *  *      | *
        _________)/\\_//(\/(/\)/\//\/|_)_______

Farvel 182320070181818 the Valkyrie...

You died in The Gnomish Mines on dungeon level 7 with 1032 points,
and 106 pieces of gold, after 2702 moves.
You were level 4 with a maximum of 42 hit points when you died.

